AoeStats
← EiskalterEngel

Arabia

509735852Analyzed
2v2 RM · 6d ago on Sep 27, 2026· 35m 6s· 4 players
Game mode
Random Map
Map size
Medium (4 player)
Population
200
Speed
Normal
Resources
Standard
Victory
Conquest
Starting age
Dark Age
Ending age
Imperial Age
RankedLock teamsTeams togetherTeam positionsShared explorationLock speedFull tech treeHidden civsTurbo modeCheats
Victory
Defeat
🇩🇪 Ethiopians · Germany
1071
+14
🇩🇪 Huns · Germany
988
+17
🇨🇿 Ethiopians · Czechia
1023
-16
🇨🇿 Franks · Czechia
1017
-21
Bellygroup
8:22 Loom
10:31 Feudal Age
13:01 Double-Bit Axe
13:21 Horse Collar
14:52 Fletching
19:10 Padded Archer Armor
20:08 Wheelbarrow
23:13 Castle Age
24:07 Crossbowman
24:53 Thumb Ring
25:02 Bodkin Arrow
25:23 Leather Archer Armor
27:03 Bow Saw
26:55 Heavy Plow
30:19 Hand Cart
30:55 Ballistics
decruthor.bedecz
6:34 Loom
10:41 Feudal Age
11:09 Man-at-Arms
13:03 Double-Bit Axe
22:42 Castle Age
21:11 Gold Mining
21:50 Scale Barding Armor
21:55 Forging
23:17 Wheelbarrow
25:48 Iron Casting
31:06 Wheelbarrow
32:59 Husbandry
EiskalterEngel
5:27 Loom
12:41 Feudal Age
14:12 Double-Bit Axe
15:38 Horse Collar
19:24 Castle Age
22:31 Scale Barding Armor
23:04 Husbandry
23:18 Bloodlines
24:34 Light Cavalry
30:00 Chain Barding Armor
33:32 Gold Mining
Evil_Tehrana
7:46 Loom
10:07 Feudal Age
13:10 Double-Bit Axe
13:34 Fletching
15:35 Padded Archer Armor
17:48 Gold Mining
22:13 Castle Age
21:24 Horse Collar
22:24 Crossbowman
23:04 Bodkin Arrow
25:37 Forging
26:30 Wheelbarrow
29:35 Bow Saw
31:27 Squires
31:38 Scale Mail Armor
33:43 Hand Cart
33:16 Town Watch
Connection lost

Rejoining the realm…

Still unreachable

The connection could not be restored.

Session expired

The server has moved on; the page needs a fresh start.